[Event "Titled Tuesday Blitz May 31 Early 2022"]
[White "Jobava, Baadur"]
[Black "Vokhidov, Shamsiddin"]
[WhiteFideId "13601520"]
[BlackFideId "14204223"]
[WhiteElo "2617"]
[BlackElo "2611"]
[Result "1-0"]
[Round "07"]
[TimeControl "180+1"]
[Date "2022.05.31"]
[WhiteClock "0:00:15"]
[BlackClock "0:00:21"]

1. b3 e5 2. Bb2 Nc6 3. Nf3 e4 4. Nd4 Nxd4 5. Bxd4 Ne7 6. Bb2 d5 7. e3 Nc6 8. d3 Bf5 9. Nc3 exd3 10. Bxd3 Be6 11. O-O Be7 12. Qh5 Bf6 13. Rad1 g6 14. Qe2 Qe7 15. Bb5 Rd8 16. Bxc6+ bxc6 17. Qa6 Rd6 18. Qxa7 O-O 19. Na4 Bxb2 20. Nxb2 Rdd8 21. Na4 Ra8 22. Qd4 Rfb8 23. Ra1 Bf5 24. Rfc1 Ra5 25. h3 Rba8 26. c4 Be4 27. Nc3 c5 28. Nxd5 cxd4 29. Nxe7+ Kf8 30. exd4 Rxa2 31. Rxa2 Rxa2 32. Nd5 Rb2 33. Nxc7 Rxb3 34. d5 Ke7 35. Re1 f5 36. f3 Rb1 37. Rxb1 Bxb1 38. c5 Ba2 39. Kf2 Kd7 40. d6 Kc6 41. Ke3 g5 42. Kd4 1-0


[Site "https://www.chess.com"]

[Event "Titled Tuesday Blitz May 31 Early 2022"]
[White "Jumabayev, Rinat"]
[Black "Domingo Nunez, Ruben"]
[WhiteFideId "13702661"]
[BlackFideId "22245570"]
[WhiteElo "2561"]
[BlackElo "2376"]
[Result "1-0"]
[Round "07"]
[TimeControl "180+1"]
[Date "2022.05.31"]
[WhiteClock "0:00:12"]
[BlackClock "0:00:01"]

1. c4 g6 2. e4 Bg7 3. Nf3 c5 4. d4 Qa5+ 5. Nc3 d6 6. dxc5 dxc5 7. h3 Nc6 8. Be2 Bxc3+ 9. bxc3 Nf6 10. O-O O-O 11. Qc2 Qc7 12. Bh6 Re8 13. Ng5 e5 14. Rad1 Kh8 15. Qd2 Ng8 16. Qd6 Qe7 17. Qxe7 Rxe7 18. Bf8 Rc7 19. Bd6 Rd7 20. Bxc5 f6 21. Rxd7 Bxd7 22. Nf7+ Kg7 23. Nd6 b6 24. Be3 f5 25. exf5 gxf5 26. f4 e4 27. c5 Nf6 28. c4 Be6 29. Rb1 bxc5 30. Rb7+ Kg6 31. Bxc5 a5 32. a3 Rd8 33. Kf2 h5 34. Rb6 Ne7 35. Bd4 Nd7 36. Rb5 1-0


[Site "https://www.chess.com"]

[Event "Titled Tuesday Blitz May 31 Early 2022"]
[White "Kosteniuk, Alexandra"]
[Black "Kaasen, Tor Fredrik"]
[WhiteFideId "4128125"]
[BlackFideId "1516647"]
[WhiteElo "2469"]
[BlackElo "2335"]
[Result "0-1"]
[Round "07"]
[TimeControl "180+1"]
[Date "2022.05.31"]
[WhiteClock "0:00:29"]
[BlackClock "0:00:32"]

1. e4 c5 2. c3 Nf6 3. e5 Nd5 4. d4 cxd4 5. Nf3 d6 6. cxd4 Nc6 7. Bc4 Nb6 8. Bb5 Bd7 9. Nc3 dxe5 10. dxe5 g6 11. O-O Bg7 12. Bf4 O-O 13. h3 a6 14. Bd3 Be6 15. Be4 Nc4 16. Bxc6 bxc6 17. Qe2 Qa5 18. Nd4 Bd5 19. Rfd1 Rac8 20. Rac1 Rfd8 21. b3 Nb6 22. Nxd5 Nxd5 23. Bd2 Qb6 24. Bg5 h6 25. Bh4 Nf4 26. Qe3 Rxd4 27. Kh2 Ne6 28. Bxe7 Qa5 29. Rxd4 Qxe5+ 30. Qxe5 Bxe5+ 31. g3 Bxd4 32. Kg2 c5 33. f4 Rc7 34. Bd6 Rd7 35. Be5 Bxe5 36. fxe5 Rd2+ 0-1


[Site "https://www.chess.com"]

[Event "Titled Tuesday Blitz May 31 Early 2022"]
[White "Kucuksari, Kaan"]
[Black "Blackman, Justin"]
[WhiteFideId "6380166"]
[BlackFideId "11100516"]
[WhiteElo "2305"]
[BlackElo "2112"]
[Result "1-0"]
[Round "07"]
[TimeControl "180+1"]
[Date "2022.06.01"]
[WhiteClock "0:00:05"]
[BlackClock "0:00:16"]

1. d4 Nf6 2. c4 e6 3. g3 d5 4. Nf3 Be7 5. Bg2 O-O 6. O-O dxc4 7. Qc2 a6 8. a4 Bd7 9. Qxc4 Bc6 10. Bf4 b5 11. Qc2 Nd5 12. Ne5 Be8 13. Nc3 c6 14. axb5 cxb5 15. Nxd5 exd5 16. Qb3 Nc6 17. Nxc6 Bxc6 18. Rfc1 Bb7 19. Rc7 Rb8 20. Rac1 Bd6 21. Bxd6 Qxd6 22. e3 h5 23. h4 g6 24. R1c5 Rfd8 25. Qc3 Kg7 26. Qc1 Qf6 27. Qc3 Qe6 28. Kh2 Qf6 29. Qc2 Rd6 30. Bh3 Rdd8 31. Kg1 Re8 32. Rd7 Red8 33. Rcc7 Rxd7 34. Rxd7 Bc8 35. Rxf7+ Qxf7 36. Bxc8 Rb6 37. Bh3 Rf6 38. Bg2 Qd7 39. Qc5 Qf5 40. f4 Qb1+ 41. Kh2 Qd3 42. Qe7+ Rf7 43. Qe5+ Rf6 44. Bxd5 Qf5 45. Qe7+ Kh6 46. Bg2 Rf7 47. Qd8 Rd7 48. Qh8+ Rh7 49. Qa8 Rc7 50. Qxa6 Rc2 51. Qa8 Qf6 52. Qd5 Kg7 53. b4 Qe7 54. Qxb5 Qe4 55. Qe5+ Qxe5 56. fxe5 Re2 57. b5 Rxe3 58. b6 Rb3 59. b7 Kf7 60. Bd5+ 1-0


[Site "https://www.chess.com"]

[Event "Titled Tuesday Blitz May 31 Early 2022"]
[White "Kvaloy, Aksel Bu"]
[Black "Bekturov, Tamerlan"]
[WhiteFideId "1528815"]
[BlackFideId "13710184"]
[WhiteElo "2053"]
[BlackElo "2151"]
[Result "0-1"]
[Round "07"]
[TimeControl "180+1"]
[Date "2022.06.01"]
[WhiteClock "0:00:02"]
[BlackClock "0:00:22"]

1. e4 c5 2. Nf3 Nf6 3. e5 Nd5 4. Nc3 e6 5. Ne4 f5 6. Nc3 Nxc3 7. dxc3 d5 8. exd6 Qxd6 9. Bb5+ Bd7 10. Bxd7+ Nxd7 11. O-O Qxd1 12. Rxd1 Be7 13. Bf4 O-O-O 14. Bg5 Bf6 15. Bxf6 gxf6 16. Re1 Rhe8 17. b3 Kc7 18. c4 Nb8 19. Re2 Nc6 20. Rae1 e5 21. c3 Rd3 22. Rc2 Red8 23. Kf1 f4 24. Nh4 Ne7 25. g3 f3 26. Rcc1 Ng6 27. Nxg6 hxg6 28. Rc2 Rd1 29. Rc1 Rxc1 30. Rxc1 Rd2 31. a3 e4 32. g4 Kd6 33. h3 Ke5 34. b4 b6 35. a4 Rb2 36. a5 cxb4 37. axb6 axb6 38. cxb4 Rxb4 39. c5 bxc5 40. Rxc5+ Kf4 41. Kg1 Rb1+ 42. Kh2 Rb2 43. Kg1 Rb1+ 44. Kh2 Rf1 45. Rc2 Re1 46. Rc4 Kg5 47. Rc3 f5 48. gxf5 gxf5 49. Rb3 Kh4 50. Ra3 Re2 51. Kg1 Kxh3 52. Ra1 Rd2 53. Rb1 f4 54. Rb6 Rd1# 0-1


[Site "https://www.chess.com"]

[Event "Titled Tuesday Blitz May 31 Early 2022"]
[White "Lazavik, Denis"]
[Black "Korchmar, Vasiliy"]
[WhiteFideId "13515110"]
[BlackFideId "24131750"]
[WhiteElo "2437"]
[BlackElo "2370"]
[Result "1-0"]
[Round "07"]
[TimeControl "180+1"]
[Date "2022.05.31"]
[WhiteClock "0:00:07"]
[BlackClock "0:00:09"]

1. d4 d5 2. c4 c6 3. Nf3 Nf6 4. e3 e6 5. b3 Bd6 6. Bd3 O-O 7. Bb2 Nbd7 8. O-O Qe7 9. Nbd2 e5 10. e4 dxe4 11. Nxe4 Nxe4 12. Bxe4 f5 13. dxe5 Nxe5 14. Bxe5 Bxe5 15. Bd5+ Kh8 16. Re1 cxd5 17. Rxe5 Qf6 18. Qxd5 Rd8 19. Rae1 Bd7 20. Ng5 Be8 21. Qe6 Bh5 22. h4 h6 23. Rxf5 Qc3 24. Nf7+ Bxf7 25. Rxf7 Rf8 26. Rxf8+ Rxf8 27. Qe3 Qb2 28. Re2 Qa1+ 29. Kh2 Qf6 30. g3 a5 31. Rd2 a4 32. Qc5 axb3 33. axb3 Qf3 34. b4 Re8 35. Qd5 Qc3 36. b5 b6 37. Qd7 Rg8 38. Qd3 Qb4 39. Rc2 Qc5 40. Qe3 Qb4 41. Qxb6 Qb3 42. Rc1 Qf3 43. Qe3 Qf6 44. b6 Qb2 45. c5 Qb5 46. Rc2 Re8 47. Qd2 Qc6 48. Qd6 Qe4 49. Rd2 Ra8 50. Qd5 Qe8 51. b7 Rb8 52. c6 Qe7 53. Qd7 Qe5 54. c7 Rf8 55. c8=Q Rxc8 56. Qxc8+ Kh7 57. b8=Q Qf6 58. Qg8+ Kg6 59. Qb1+ Kh5 60. Qd5+ g5 61. Qd1+ Kg6 62. h5+ Kg7 63. Qd7+ Qf7 64. Qxf7+ Kxf7 65. Rd7+ Kg8 66. Qd5+ Kh8 67. Qe5+ Kg8 68. Qe8# 1-0


[Site "https://www.chess.com"]

[Event "Titled Tuesday Blitz May 31 Early 2022"]
[White "Li, Zhuoling"]
[Black "Haas, Michael"]
[WhiteFideId "8605629"]
[BlackFideId "1629514"]
[WhiteElo "2359"]
[BlackElo "1982"]
[Result "1/2-1/2"]
[Round "07"]
[TimeControl "180+1"]
[Date "2022.06.01"]
[WhiteClock "0:00:11"]
[BlackClock "0:00:11"]

1. e4 e6 2. d4 d5 3. e5 c5 4. c3 Nc6 5. Nf3 Qb6 6. Be2 cxd4 7. cxd4 Nh6 8. b3 Nf5 9. Bb2 Bb4+ 10. Kf1 h5 11. a3 Be7 12. Nc3 Bd7 13. Na4 Qa5 14. b4 Qd8 15. Rc1 b6 16. Nc3 O-O 17. g3 Bg5 18. Rc2 f6 19. Kg2 fxe5 20. dxe5 Be7 21. h4 Rc8 22. Nb1 Qe8 23. Qd2 Qf7 24. Rf1 Rc7 25. Nc3 Rcc8 26. Nb5 a6 27. Nbd4 Nfxd4 28. Nxd4 Nxd4 29. Bxd4 Rxc2 30. Qxc2 Rc8 31. Qd2 b5 32. Rc1 Rxc1 33. Qc2 Qf5 34. Qxc1 Qe4+ 35. Bf3 Qxd4 36. Qc7 Kf7 37. Qxd7 Qxe5 38. Qb7 g6 39. Qxa6 d4 40. Qc6 d3 41. Qd7 Qd6 42. Qxd6 Bxd6 43. Bd1 Kf6 44. Kf3 Ke5 45. Ke3 Kd5 46. Kxd3 e5 47. Bb3+ Kc6 48. Ke4 Bc7 49. Bd5+ Kd6 50. Bf7 Bb6 51. f3 Bf2 52. g4 hxg4 53. fxg4 Bxh4 54. Bxg6 Bg5 55. Be8 Bc1 56. Bxb5 Bxa3 57. Be2 Bxb4 58. g5 Ke7 59. Kxe5 Kf7 60. Kf5 Kg7 61. g6 Bd2 62. Bd3 Bc3 63. Be2 Bf6 64. Bd3 Ba1 65. Be2 Bf6 66. Bd3 Ba1 67. Be2 Bf6 1/2-1/2


[Site "https://www.chess.com"]

[Event "Titled Tuesday Blitz May 31 Early 2022"]
[White "Liyanage, Ranindu Dilshan"]
[Black "Kamsky, Gata"]
[WhiteFideId "9915834"]
[BlackFideId "2000024"]
[WhiteElo "1858"]
[BlackElo "2645"]
[Result "0-1"]
[Round "07"]
[TimeControl "180+1"]
[Date "2022.05.31"]
[WhiteClock "0:01:35"]
[BlackClock "0:01:04"]

1. e4 e5 2. Nf3 Nc6 3. Bb5 Nf6 4. O-O Nxe4 5. d4 Nd6 6. dxe5 Nxb5 7. a4 Nbd4 8. Nxd4 Nxd4 9. Qxd4 d5 10. exd6 Qxd6 11. Qe4+ Qe6 12. Qd4 Qb6 13. Qc3 Qc5 14. Qb3 Be7 15. Be3 Qb4 16. Qxb4 Bxb4 17. c3 Be7 18. Re1 Be6 19. Na3 c6 20. b4 O-O 21. Bd4 Rfd8 22. b5 Bf8 23. Rab1 Bxa3 24. bxc6 bxc6 25. Rb7 a5 26. Reb1 Bf8 27. Rc7 Rdc8 28. Rcb7 c5 29. Be3 Bd5 30. R7b5 Bc6 31. Rb6 Bxa4 32. c4 Bc2 0-1


[Site "https://www.chess.com"]

[Event "Titled Tuesday Blitz May 31 Early 2022"]
[White "Macovei, Andrei"]
[Black "Maiorov, Nikita"]
[WhiteFideId "13904680"]
[BlackFideId "13501720"]
[WhiteElo "2472"]
[BlackElo "2417"]
[Result "1/2-1/2"]
[Round "07"]
[TimeControl "180+1"]
[Date "2022.06.01"]
[WhiteClock "0:00:08"]
[BlackClock "0:00:02"]

1. e4 c6 2. d4 d5 3. e5 Bf5 4. Nf3 e6 5. Be2 Nd7 6. O-O h6 7. Nbd2 Ne7 8. c3 Bh7 9. a4 Ng6 10. Nb3 Be7 11. a5 a6 12. c4 dxc4 13. Bxc4 O-O 14. Re1 Re8 15. g3 Bf8 16. Be3 Ne7 17. h4 Nd5 18. Bd2 Rc8 19. Qe2 c5 20. Bxd5 exd5 21. Nxc5 Nxc5 22. dxc5 d4 23. b4 Qd5 24. Rad1 f6 25. Bf4 d3 26. Qe3 Re6 27. Nd4 Rce8 28. Nxe6 Rxe6 29. g4 g5 30. hxg5 hxg5 31. Bg3 Be7 32. f3 fxe5 33. Rd2 Bf6 34. Red1 e4 35. fxe4 Rxe4 36. Rxd3 Rxe3 37. Rxd5 Rxg3+ 38. Kf2 Rxg4 39. Rd6 Rf4+ 40. Ke3 Re4+ 41. Kf3 Rf4+ 42. Kg3 Be5 43. Rd8+ Rf8+ 44. Kg4 Bf5+ 45. Kh5 Rxd8 46. Rxd8+ Kf7 47. c6 bxc6 48. Ra8 Bd3 49. Kxg5 Ke6 50. Rd8 Bb5 51. Re8+ Kd5 52. Kf5 Bc3 53. Rd8+ Kc4 54. Rd1 Kxb4 55. Rb1+ Kxa5 56. Ke6 Kb6 57. Kd6 Bd4 58. Rc1 Bc5+ 59. Rxc5 a5 60. Rc3 a4 61. Rg3 Bc4 62. Rg4 Kb5 63. Rg7 Bd5 64. Rb7+ Kc4 65. Ra7 Kb4 66. Rb7+ Kc4 67. Ra7 Kb4 68. Rb7+ Kc3 69. Ra7 Kb3 70. Rb7+ Kc3 71. Ra7 Kb4 1/2-1/2


[Site "https://www.chess.com"]

[Event "Titled Tuesday Blitz May 31 Early 2022"]
[White "Makarian, Rudik"]
[Black "Svane, Frederik"]
[WhiteFideId "44105681"]
[BlackFideId "12923044"]
[WhiteElo "2419"]
[BlackElo "2459"]
[Result "1-0"]
[Round "07"]
[TimeControl "180+1"]
[Date "2022.05.31"]
[WhiteClock "0:00:06"]
[BlackClock "0:00:17"]

1. d3 c5 2. g3 Nc6 3. Bg2 g6 4. c4 Bg7 5. Nc3 d6 6. Nf3 Qd7 7. h4 h5 8. Ng5 b6 9. O-O Bb7 10. e4 e6 11. f4 Nh6 12. Bh3 Nd4 13. Be3 f5 14. Ne2 Ng4 15. Bxg4 hxg4 16. Nxd4 cxd4 17. Bd2 e5 18. Qe2 O-O-O 19. a4 Bf6 20. a5 Bxg5 21. fxg5 f4 22. axb6 axb6 23. Be1 Rdf8 24. Qd2 fxg3 25. Bxg3 Rf3 26. Kg2 Rhf8 27. b4 Qf7 28. Rxf3 Qxf3+ 29. Kh2 Qe3 30. Qxe3 dxe3 31. Re1 Rf3 32. Kg2 Kd7 33. Bh2 e2 34. Rxe2 Rxd3 35. Bg1 Rc3 36. c5 bxc5 37. bxc5 dxc5 38. Bf2 Ke6 39. Kh2 Rh3+ 40. Kg2 c4 41. Bg3 c3 42. Kf2 Rh1 43. Rc2 Bxe4 44. Rxc3 Rb1 45. Ra3 Rb2+ 46. Ke3 Bd5 47. Ra6+ Ke7 48. Bxe5 Rb3+ 49. Kd4 Bf7 50. Ra7+ Ke6 51. Ra6+ Ke7 52. Bf6+ Kd7 53. Ra7+ Ke6 54. Re7+ Kd6 55. Rxf7 g3 56. Be5+ Ke6 57. Rf6+ Ke7 58. Bd6+ Kd7 59. Bxg3 Rxg3 60. Rxg6 Rg4+ 61. Ke5 Rxh4 62. Kf6 Rf4+ 63. Kg7 Ke7 64. Rf6 Rg4 65. g6 Ke8 66. Rf8+ Ke7 67. Rf7+ Ke8 68. Rf1 Re4 69. Kg8 Re6 70. g7 Re4 71. Rh1 Rg4 72. Kh7 Kf7 73. Rf1+ Ke7 74. g8=Q 1-0


[Site "https://www.chess.com"]

[Event "Titled Tuesday Blitz May 31 Early 2022"]
[White "Meunier-Pion, Jean"]
[Black "De La Colina, Nicolas"]
[WhiteFideId "20685327"]
[BlackFideId "30946921"]
[WhiteElo "2124"]
[BlackElo "2046"]
[Result "0-1"]
[Round "07"]
[TimeControl "180+1"]
[Date "2022.06.01"]
[WhiteClock "0:00:12"]
[BlackClock "0:00:06"]

1. e4 c5 2. Nf3 Nc6 3. Bb5 Nf6 4. e5 Nd5 5. O-O g6 6. Re1 Bg7 7. Nc3 Nc7 8. Bxc6 dxc6 9. Ne4 b6 10. d3 O-O 11. h3 Ne6 12. a4 a5 13. Be3 Ba6 14. b3 Qd7 15. Qd2 Rfd8 16. Bh6 Bh8 17. Nfg5 Nd4 18. Rac1 Ra7 19. Qf4 Qf5 20. Qh4 Qxe5 21. Nxh7 Nf5 22. Qg5 Nxh6 23. Qxh6 Qg7 24. Qxg7+ Bxg7 25. Nhg5 Rad7 26. Nf3 e6 27. g4 Rd5 28. Ng3 b5 29. axb5 cxb5 30. Ne4 c4 31. bxc4 bxc4 32. dxc4 Bxc4 33. Rb1 R5d7 34. g5 Bd5 35. Nfd2 Rc7 36. c4 Bxe4 37. Nxe4 Rxc4 38. Rb5 Ra8 39. Nf6+ Bxf6 40. gxf6 Rb4 41. Rc5 Rf4 42. Rc2 Rxf6 43. Ra1 Rf5 44. Rca2 Kg7 45. Kg2 Kf6 46. Kg3 Ra6 47. f4 Rb5 48. Ra3 g5 49. fxg5+ Kxg5 50. Ra4 Rb3+ 51. Kg2 Rb5 52. Kg3 f5 53. R1a3 e5 54. h4+ Kf6 55. Kh3 Kg6 56. Kg3 Kh5 57. Kh3 f4 58. Re4 Rab6 59. Rea4 Rb3+ 60. Kh2 Rxa3 61. Rxa3 Kxh4 62. Rxa5 e4 63. Ra4 Rb2+ 64. Kg1 Re2 65. Kf1 Re3 66. Kf2 Kg4 67. Ra8 Rf3+ 68. Kg2 Rb3 69. Rg8+ Kf5 70. Rf8+ Ke5 71. Re8+ Kd4 72. Rd8+ Ke3 73. Rc8 Rb2+ 74. Kh3 f3 75. Rc3+ Kf4 76. Rc8 Re2 77. Rf8+ Ke3 78. Ra8 Kf2 79. Ra3 e3 80. Kh2 Rb2 81. Ra1 e2 82. Rg1 e1=Q 83. Rf1+ Kxf1+ 84. Kh3 f2 85. Kh2 Qa1 86. Kh1 Ke1 87. Kh2 Kd1 88. Kh1 Kd2+ 89. Kh2 Ke2 90. Kh3 Ke3 91. Kh2 f1=Q+ 92. Kg3 Qf3+ 93. Kh4 Rh2+ 94. Kg5 Rh5+ 95. Kg6 Qf5# 0-1


[Site "https://www.chess.com"]

[Event "Titled Tuesday Blitz May 31 Early 2022"]
[White "Mikhalsky, Vladimir"]
[Black "Arabidze, Meri"]
[WhiteFideId "14144352"]
[BlackFideId "13604040"]
[WhiteElo "2301"]
[BlackElo "2335"]
[Result "1-0"]
[Round "07"]
[TimeControl "180+1"]
[Date "2022.06.01"]
[WhiteClock "0:00:07"]
[BlackClock "0:00:16"]

1. d4 Nf6 2. c4 g6 3. f3 Bg7 4. e4 O-O 5. Nc3 c5 6. d5 d6 7. Be3 e6 8. Qd2 a6 9. a4 exd5 10. cxd5 Nh5 11. g4 Nf6 12. Bd3 Bxg4 13. fxg4 Nxg4 14. Bg5 Qb6 15. Nf3 Nd7 16. Be2 Rae8 17. O-O h6 18. Bf4 g5 19. Bg3 Nge5 20. Nxe5 Nxe5 21. a5 Qd8 22. Bxe5 Rxe5 23. Bg4 Re7 24. Bf5 b5 25. Kh1 b4 26. Ne2 Qb8 27. Ng3 c4 28. Qe2 c3 29. bxc3 Bxc3 30. Rab1 Qb5 31. Qxb5 axb5 32. Ne2 Rb8 33. Nxc3 bxc3 34. Rfc1 b4 35. Rxc3 Ra7 36. Rc8+ Rxc8 37. Bxc8 Rxa5 38. Rxb4 Kg7 39. Rb6 Kf6 40. Rxd6+ Ke5 41. Rxh6 Kxe4 42. Bb7 f5 43. d6+ Ke3 44. Re6+ Kf2 45. h3 g4 46. hxg4 fxg4 47. Rf6+ Kg3 48. Kg1 Ra2 49. d7 Rd2 50. Bc6 Rd1+ 51. Rf1 Rd2 52. Re1 Kh3 53. Rc1 g3 54. Kf1 Kh2 55. Rc2 Rxc2 56. d8=Q Rc1+ 57. Ke2 Rxc6 58. Qh4+ Kg2 59. Qe4+ Kh2 60. Qxc6 g2 61. Qh6+ Kg3 62. Qe3+ Kh2 63. Qh6+ Kg3 64. Qg5+ Kh3 65. Kf2 g1=Q+ 66. Qxg1 1-0


[Site "https://www.chess.com"]

[Event "Titled Tuesday Blitz May 31 Early 2022"]
[White "Nasir, Zehn"]
[Black "Eljanov, Pavel"]
[WhiteFideId "2613239"]
[BlackFideId "14102951"]
[WhiteElo "1993"]
[BlackElo "2601"]
[Result "0-1"]
[Round "07"]
[TimeControl "180+1"]
[Date "2022.05.31"]
[WhiteClock "0:00:05"]
[BlackClock "0:00:19"]

1. d4 d5 2. Bf4 Nf6 3. e3 c5 4. c3 Nc6 5. Nd2 Bf5 6. Qb3 Qd7 7. Ngf3 c4 8. Qd1 h6 9. Be2 e6 10. O-O Bd6 11. Ne5 Qc7 12. Ndf3 g5 13. Bg3 g4 14. Nh4 Nxe5 15. dxe5 Bxe5 16. Nxf5 exf5 17. Qa4+ Kf8 18. Rfd1 Kg7 19. Bxe5 Qxe5 20. Rd4 h5 21. Qb5 a6 22. Qa5 h4 23. Rad1 g3 24. Rf4 gxf2+ 25. Kxf2 Rh6 26. Bf3 b6 27. Qa4 Re8 28. Re1 a5 29. Qc2 Ne4+ 30. Bxe4 fxe4 31. Kg1 Ree6 32. Ref1 Ref6 33. Qf2 Rxf4 34. Qxf4 Qxf4 35. Rxf4 Kg6 36. Rg4+ Kf5 37. Rg8 h3 38. g4+ Ke5 39. g5 Rh4 40. Kf2 Rg4 41. Rb8 Rg2+ 42. Ke1 Rxb2 43. Rf8 Rxh2 44. Rxf7 Rg2 45. Rh7 h2 46. Kf1 Rg1+ 47. Kf2 h1=Q 48. Rxh1 Rxh1 49. Kg2 Rh5 50. g6 Rg5+ 0-1


[Site "https://www.chess.com"]

[Event "Titled Tuesday Blitz May 31 Early 2022"]
[White "Niemann, Hans Moke"]
[Black "Abdrlauf, Elham"]
[WhiteFideId "2093596"]
[BlackFideId "1533533"]
[WhiteElo "2632"]
[BlackElo "2371"]
[Result "1-0"]
[Round "07"]
[TimeControl "180+1"]
[Date "2022.05.31"]
[WhiteClock "0:00:26"]
[BlackClock "0:00:03"]

1. d4 Nf6 2. c4 e6 3. Nf3 d5 4. Nc3 dxc4 5. g3 c5 6. Qa4+ Bd7 7. Qxc4 Bc6 8. dxc5 Nbd7 9. Bg2 Bxc5 10. O-O Rc8 11. Qb3 O-O 12. Rd1 Qe7 13. Bf4 e5 14. Bg5 h6 15. Bxf6 Nxf6 16. e3 Rfd8 17. Nh4 e4 18. Bh3 Rxd1+ 19. Rxd1 Rd8 20. Nf5 Qf8 21. Ne2 g6 22. Nxh6+ Kg7 23. Ng4 Qh8 24. Nxf6 Rxd1+ 25. Qxd1 Qxh3 26. Qd8 Qe6 27. Nh5+ Kh7 28. Nef4 Qd6 29. Nf6+ Kg7 30. Ne8+ Bxe8 31. Qxe8 Qd1+ 32. Kg2 Qf3+ 33. Kh3 Bd6 34. Qa4 Bxf4 35. Qd4+ Kh7 36. exf4 Qh5+ 37. Kg2 Qf3+ 38. Kg1 f5 39. h4 Kh6 40. Qxa7 Kh5 41. Qe3 Qd1+ 42. Kg2 Kg4 43. a4 Qc2 44. b4 Kh5 45. a5 Qb2 46. Qb6 Qe2 47. Qe3 Qb2 48. Qe1 Qc2 49. b5 Qb3 50. Qe2+ Kh6 51. a6 bxa6 52. bxa6 Qa3 53. Kh3 Qa1 54. Kh2 Qa3 55. Kg2 Qa1 56. Qb5 Qa3 57. Qb8 Kh5 58. Qd8 Qf3+ 59. Kg1 Kg4 60. h5 Qd1+ 61. Qxd1+ 1-0


[Site "https://www.chess.com"]

[Event "Titled Tuesday Blitz May 31 Early 2022"]
[White "Omelja, Artem"]
[Black "Demchenko, Anton"]
[WhiteFideId "14119846"]
[BlackFideId "4160258"]
[WhiteElo "2382"]
[BlackElo "2539"]
[Result "0-1"]
[Round "07"]
[TimeControl "180+1"]
[Date "2022.06.01"]
[WhiteClock "0:00:03"]
[BlackClock "0:00:05"]

1. d4 Nf6 2. c4 g6 3. Nc3 Bg7 4. e4 O-O 5. f3 d6 6. Be3 Nbd7 7. Nge2 a6 8. Qd2 b5 9. cxb5 axb5 10. Nxb5 c6 11. Nbc3 e5 12. Ng3 d5 13. Be2 h5 14. exd5 Nxd5 15. Nxd5 cxd5 16. O-O h4 17. Nh1 Re8 18. Bb5 Qb6 19. Bxd7 exd4 20. Bxe8 dxe3 21. Qxd5 Ra7 22. Qc6 Qb8 23. Rfc1 Be6 24. Rab1 Bd4 25. Rd1 Bb6 26. Kf1 Rc7 27. Qd6 Bc4+ 28. Rd3 Bc5 29. Qe5 Bxd3+ 30. Ke1 Bb4+ 31. Kd1 Bc2+ 32. Ke2 Bxb1 33. Kxe3 Rc8 34. Qxb8 Rxb8 35. Ba4 Bc5+ 36. Ke2 Rxb2+ 37. Kd1 Bxa2 38. Kc1 Rxg2 0-1


[Site "https://www.chess.com"]

[Event "Titled Tuesday Blitz May 31 Early 2022"]
[White "Oparin, Grigoriy"]
[Black "Sadhwani, Raunak"]
[WhiteFideId "24125890"]
[BlackFideId "35093487"]
[WhiteElo "2665"]
[BlackElo "2616"]
[Result "1-0"]
[Round "07"]
[TimeControl "180+1"]
[Date "2022.05.31"]
[WhiteClock "0:01:08"]
[BlackClock "0:01:20"]

1. g3 e5 2. c4 c6 3. d4 e4 4. d5 Bb4+ 5. Bd2 Qe7 6. a3 Bxd2+ 7. Qxd2 cxd5 8. cxd5 d6 9. Nc3 Nf6 10. Bg2 O-O 11. Nh3 Na6 12. b4 h6 13. O-O Bd7 14. Rac1 Rfe8 15. e3 g5 16. Kh1 Bf5 17. Ng1 Nd7 18. Nge2 Bg6 19. Nd4 g4 20. Nde2 Ne5 21. Nf4 f5 22. Nb5 Bf7 23. Rc2 h5 24. h4 gxh3 25. Bxh3 Qg5 26. Nxd6 Nf3 27. Qc3 h4 28. gxh4 Qxh4 29. Nxf5 Qh7 30. Qf6 1-0


[Site "https://www.chess.com"]

[Event "Titled Tuesday Blitz May 31 Early 2022"]
[White "Perez Gormaz, Matias"]
[Black "Derraugh, Geordie"]
[WhiteFideId "3406342"]
[BlackFideId "2603950"]
[WhiteElo "2341"]
[BlackElo "2116"]
[Result "0-1"]
[Round "07"]
[TimeControl "180+1"]
[Date "2022.06.01"]
[WhiteClock "0:00:02"]
[BlackClock "0:00:05"]

1. e4 c5 2. Nf3 d6 3. d4 cxd4 4. Qxd4 Nc6 5. Bb5 Bd7 6. Bxc6 bxc6 7. c4 e5 8. Qd3 h6 9. Nc3 Qc7 10. O-O Nf6 11. h3 Be7 12. Be3 O-O 13. c5 dxc5 14. Na4 Rad8 15. Qc2 Qa5 16. Nxc5 Bc8 17. Nxe5 Qc7 18. Nf3 Rfe8 19. Rfe1 Bd6 20. Rac1 Nh5 21. Nb3 Bd7 22. Nbd4 c5 23. Nb3 Ba4 24. Qc4 Bxb3 25. axb3 Qb7 26. Bxc5 Bxc5 27. Qxc5 Nf4 28. Qc7 Qxc7 29. Rxc7 Rb8 30. Re3 Rb4 31. Nd2 Rd4 32. Nc4 Rexe4 33. Rxe4 Rxe4 34. Rxa7 Re1+ 35. Kh2 Re2 36. Kg3 g5 37. h4 Nd3 38. hxg5 hxg5 39. Nd6 Rxf2 40. Ne4 Rf5 41. Nd6 Rd5 42. Nxf7 Nxb2 43. Kg4 Rb5 44. Nxg5 Rxb3 45. Kh5 Kf8 46. g4 Rg3 47. Ne6+ Kg8 48. g5 Nd3 49. Kh6 Rh3+ 50. Kg6 Ne5+ 51. Kf5 Nf3 52. Kf6 Nh4 53. Ra8+ Kh7 54. Ra7+ Kg8 55. Nf4 Rf3 56. Ra8+ Kh7 57. Ra7+ Kg8 58. Ke5 Rf1 59. Nd5 Nf3+ 60. Ke6 Nxg5+ 61. Kd6 Ne4+ 62. Ke5 Nd2 63. Ne7+ Kf7 64. Nf5+ Kg6 65. Rg7+ Kh5 66. Ng3+ Kh6 67. Rg8 Re1+ 68. Kd4 Rd1 69. Ke3 Nf1+ 70. Kf2 Nxg3 71. Kxg3 Rg1+ 72. Kf2 Rxg8 0-1


[Site "https://www.chess.com"]

[Event "Titled Tuesday Blitz May 31 Early 2022"]
[White "Petrovic, Aleksa"]
[Black "Hua, Lefong"]
[WhiteFideId "967629"]
[BlackFideId "2602253"]
[WhiteElo "2144"]
[BlackElo "2644"]
[Result "0-1"]
[Round "07"]
[TimeControl "180+1"]
[Date "2022.06.01"]
[WhiteClock "0:00:03"]
[BlackClock "0:00:21"]

1. d4 Nf6 2. c4 c5 3. d5 e6 4. Nc3 exd5 5. cxd5 d6 6. Nf3 g6 7. Nd2 Nbd7 8. e4 Bg7 9. Be2 O-O 10. O-O Re8 11. f3 Ne5 12. f4 Neg4 13. Nb3 c4 14. Bxc4 Qb6+ 15. Qd4 Qxd4+ 16. Nxd4 Nxe4 17. Ndb5 a6 18. Nxe4 axb5 19. Nxd6 Rd8 20. Nxb5 Bd7 21. Rd1 Rac8 22. Nd6 Rc7 23. h3 Nf6 24. Be3 Bf8 25. Bd4 Nh5 26. Bb6 Bxd6 27. Bxc7 Bxc7 28. d6 Bb6+ 29. Kh2 Nxf4 30. a4 Bc5 31. a5 Be6 32. Bxe6 Nxe6 33. d7 Kf8 34. Rac1 Ke7 35. Rd5 Bd6+ 36. g3 Rxd7 37. Rcd1 h5 38. b4 h4 39. Kg2 hxg3 40. b5 Nf4+ 41. Kf3 Nxd5 42. Rxd5 Bc7 43. Rxd7+ Kxd7 44. a6 bxa6 45. bxa6 Kc6 46. a7 Kb7 47. h4 Kxa7 0-1


[Site "https://www.chess.com"]

[Event "Titled Tuesday Blitz May 31 Early 2022"]
[White "Petrovskyi, Vadym"]
[Black "Ambartsumova, Karina"]
[WhiteFideId "14165210"]
[BlackFideId "4166299"]
[WhiteElo "2400"]
[BlackElo "2262"]
[Result "1-0"]
[Round "07"]
[TimeControl "180+1"]
[Date "2022.05.31"]
[WhiteClock "0:01:11"]
[BlackClock "0:00:03"]

1. e4 e5 2. Nf3 Nc6 3. Bb5 a6 4. Ba4 Nf6 5. O-O Be7 6. Re1 b5 7. Bb3 O-O 8. h3 Bb7 9. c3 d5 10. exd5 Nxd5 11. d4 exd4 12. cxd4 Bf6 13. Nc3 Nxc3 14. bxc3 Na5 15. Bc2 Nc4 16. Bf4 c5 17. a4 cxd4 18. Nxd4 Re8 19. axb5 Rxe1+ 20. Qxe1 Qd5 21. Nc6 Qxb5 22. Ne7+ Bxe7 23. Qxe7 Qd5 24. f3 f5 25. Rd1 Qb5 26. Rd7 1-0


[Site "https://www.chess.com"]

[Event "Titled Tuesday Blitz May 31 Early 2022"]
[White "Pranav, V"]
[Black "Vlachos, Anatole"]
[WhiteFideId "25060783"]
[BlackFideId "26093189"]
[WhiteElo "2349"]
[BlackElo "2361"]
[Result "1-0"]
[Round "07"]
[TimeControl "180+1"]
[Date "2022.05.31"]
[WhiteClock "0:00:39"]
[BlackClock "0:00:12"]

1. e4 g6 2. d4 Bg7 3. Nc3 d6 4. Bg5 h6 5. Bh4 a6 6. f4 b5 7. Nf3 Bb7 8. Bd3 Nd7 9. O-O c5 10. e5 Qb6 11. e6 fxe6 12. Bxg6+ Kd8 13. dxc5 Qxc5+ 14. Bf2 Qb4 15. Nd4 Qxb2 16. Nxe6+ Kc8 17. Bd4 Bxd4+ 18. Qxd4 Ngf6 19. Rab1 Qa3 20. Rb3 Qa5 21. a4 Rg8 22. f5 Qb6 23. axb5 a5 24. Na4 Qxd4+ 25. Nxd4 Bd5 26. c4 Bxc4 27. Rc1 d5 28. Re3 Kb7 29. Rxe7 Rac8 30. Rce1 Ka8 31. h3 Rgd8 32. R1e6 Ne4 33. Rxd7 Rxd7 34. Nb6+ 1-0


[Site "https://www.chess.com"]